 Dungeon Crawl Stone Soup version 0.27.0-1-g7a089689b8 (webtiles) character file.

Game seed: 16300884518235894217

263 Spaninq the Skirmisher (level 5, -9/46 HPs)
             Began as a Demonspawn Venom Mage on Aug 11, 2021.
             Was a Believer of Kikubaaqudgha.
             Mangled by Menkaure (19 damage)
             ... on level 4 of the Dungeon.
             The game lasted 00:10:49 (3620 turns).

Spaninq the Skirmisher (Demonspawn Venom Mage)      Turns: 3620, Time: 00:10:50

Health: -9/46      AC:  9    Str: 10    XL:     5   Next: 98%
Magic:  8/8        EV: 12    Int: 19    God:    Kikubaaqudgha [**....]
Gold:   79         SH:  0    Dex:  9    Spells: 7/8 levels left

rFire    . . .     SeeInvis .   h - +0 trident
rCold    + . .     Faith    .   (no shield)
rNeg     . . .     Spirit   .   i - +1 animal skin
rPois    .         Reflect  .   j - +0 helmet
rElec    .         Harm     .   (no cloak)
rCorr    .         Rampage  .   (no gloves)
Will     +....                  a - +1 pair of boots "Seym" {Will+ Int+3 Dex-4}
Stlth    ++........             (no amulet)
HPRegen  0.15/turn              d - ring of protection from cold
MPRegen  0.11/turn              (no ring)

@: no status effects
A: thin metallic scales 2
a: Renounce Religion, Receive Corpses


You were on level 4 of the Dungeon.
You worshipped Kikubaaqudgha.
Kikubaaqudgha was pleased with you.
You visited 1 branch of the dungeon, and saw 5 of its levels.

You collected 79 gold pieces.

Inventory:

Hand Weapons
 h - a +0 trident (weapon)
Missiles
 f - 4 poisoned darts (quivered)
Armour
 a - the +1 pair of boots "Seym" (worn) {Will+ Int+3 Dex-4}
   (You found it on level 5 of the Dungeon)

   Int:       It affects your intelligence (+3).
   Dex:       It affects your dexterity (-4).
   Will:      It increases your willpower.
 i - a +1 animal skin (worn)
 j - a +0 helmet (worn)
Jewellery
 d - a ring of protection from cold (left hand)
Scrolls
 b - a scroll of enchant weapon {unknown}
 g - 2 scrolls of identify {unknown}
Potions
 c - a potion of curing


   Skills:
 + Level 5.9 Fighting
 - Level 1.7 Dodging
 - Level 1.7 Stealth
 - Level 2.0 Spellcasting
 - Level 0.8 Transmutations
 - Level 3.0 Poison Magic


You had 7 spell levels left.
You knew the following spells:

 Your Spells              Type           Power      Damage    Failure   Level
a - Sting                 Tmut/Pois      36%        1d4       8%          1

Your spell library contained the following spells:

 Spells                   Type           Power      Damage    Failure   Level
 Poisonous Vapours        Pois/Air       14%        N/A       14%         2
 Animate Skeleton         Necr           2%         N/A       17%         1
 Corona                   Hex            1%         N/A       17%         1
 Pain                     Necr           4%         1d4       17%         1
 Passwall                 Tmut/Erth      2%         N/A       22%         2
 Ensorcelled Hibernation  Hex/Ice        2%         N/A       26%         2
 Slow                     Hex            1%         N/A       26%         2
 Sublimation of Blood     Necr           0%         N/A       26%         2
 Mephitic Cloud           Conj/Pois/Air  5%         N/A       32%         3
 Olgreb's Toxic Radiance  Pois           13%        N/A       43%         4
 Confusing Touch          Hex            1%         N/A       45%         3
 Swiftness                Air            1%         N/A       45%         3
 Tukima's Dance           Hex            1%         N/A       45%         3
 Vampiric Draining        Necr           0%         2d6       45%         3
 Yara's Violent Unravell  Hex/Tmut       1%         3d3       98%         5
 Invisibility             Hex            0%         N/A       100%        6


Dungeon Overview and Level Annotations

Branches:
Dungeon (5/15)             Temple (0/1) D:5

Altars:
Gozag
Kikubaaqudgha
Uskayaw

Annotations:
D:3 Grinder
D:4 Menkaure


Innate Abilities, Weirdness & Mutations

You are mostly covered in thin metallic scales. (AC +3)


Message History

c - a potion of curing
Found a scroll labelled PUXTYM KULU.
Found 11 gold pieces.
Found a stone staircase leading down.
You see here 11 gold pieces.
Found a stone staircase leading down. 2 orcs and an orc priest come into view.
The orc priest shouts!
You hear a shout!
An orc comes into view. It is wielding a +0 mace.
You hear a bark!
Found a spear.
Found 21 arrows.
A necrophage comes into view.
The necrophage misses you.
The necrophage hits you but does no damage.
Found an escape hatch in the ceiling.
Menkaure, Prince of Dust comes into view.
Menkaure shouts!
The necrophage hits you but does no damage.
Menkaure gestures wildly while chanting.
Menkaure seems to speed up.
Menkaure hits you! Menkaure hits you!
Menkaure calls on the powers of darkness!
The orc convulses!
Your body is wracked with pain!
The orc priest convulses!
The orc convulses!
There is an escape hatch in the ceiling here.
The necrophage closely misses you.
Menkaure calls on the powers of darkness!
Your body is wracked with pain!
* * * LOW HITPOINT WARNING * * *
The orc convulses!
The orc priest convulses!
The orc convulses!
A mysterious force pulls you upwards. The hatch slams shut behind you.
The adder hisses angrily.
A ball python, a quokka and an endoplasm come into view.
Okay, then.
The endoplasm quivers.
Menkaure hits you!!
You die...
Kikubaaqudgha rasps: "You have failed me!
Welcome... death!"

#.#
#.#.......
#.#.......
#.#.......
#.#....J..
#.#.......
#.#.......
#@..S.....
##Mn...##
#.....#
#...S.....#
####......#
#......#
#......#
#....r.#
#......#


You could see a necrophage, Menkaure (fast), an adder, an endoplasm, a quokka
and a ball python (asleep).

Vanquished Creatures
  A black bear (D:5)
  A bullfrog zombie (D:5)
  A hound (D:5)
  A jelly (D:5)
  Robin (D:3)
  A shadow imp (D:5)
  A worm (D:2)
  4 bats
  3 endoplasms (D:1)
  A giant cockroach (D:1)
  14 goblins
  4 hobgoblins
  5 jackals
  3 kobolds
  2 quokkas
  6 ball pythons
  3 frilled lizards
  7 rats
59 creatures vanquished.

Notes
Turn   | Place    | Note
-------+----------+-------------------------------------------
     0 | D:1      | Spaninq the Demonspawn Venom Mage began the quest for the
                  | Orb.
     0 | D:1      | Reached XP level 1. HP: 13/13 MP: 3/3
   125 | D:1      | Reached skill level 1 in Fighting
   356 | D:1      | Gained mutation: You are partially covered in thin metallic
                  | scales. (AC +2) [demonic ancestry]
   356 | D:1      | Reached XP level 2. HP: 22/22 MP: 0/5
   650 | D:1      | Found a faded altar of an unknown god.
   655 | D:1      | Became a worshipper of Kikubaaqudgha
   655 | D:1      | Reached * piety under Kikubaaqudgha
   655 | D:1      | Received a gift from Kikubaaqudgha
   674 | D:1      | Reached skill level 2 in Fighting
  1755 | D:2      | Reached XP level 3. HP: 27/28 MP: 3/6
  2182 | D:2      | Found a hide-covered altar of Uskayaw.
  2245 | D:2      | Reached skill level 3 in Fighting
  2253 | D:2      | Reached ** piety under Kikubaaqudgha
  2658 | D:3      | Noticed Robin
  2953 | D:3      | Killed Robin
  2954 | D:3      | Reached XP level 4. HP: 36/37 MP: 0/7
  3061 | D:3      | Noticed Grinder
  3095 | D:3      | You fall into a shaft and drop 2 floors!
  3095 | D:5      | Entered Level 5 of the Dungeon
  3103 | D:5      | Reached skill level 4 in Fighting
  3106 | D:5      | Identified the +1 pair of boots "Seym" {Will+ Int+3 Dex-4}
  3209 | D:5      | Noticed a black bear
  3214 | D:5      | Found an opulent altar of Gozag.
  3221 | D:5      | Reached skill level 5 in Fighting
  3221 | D:5      | Gained mutation: You are mostly covered in thin metallic
                  | scales. (AC +3) [demonic ancestry]
  3221 | D:5      | Reached XP level 5. HP: 33/44 MP: 3/8
  3245 | D:5      | Killed a black bear
  3557 | D:5      | Found a staircase to the Ecumenical Temple.
  3605 | D:5      | Noticed a necrophage
  3610 | D:5      | Noticed Menkaure
  3620 | D:4      | Mangled by Menkaure

Illustrated notes

Levels and vault maps discovered:
D:1:      wheals_arrival_linesprint, layout_loops_corners,
          ebering_ecumenical_altar_hall, minmay_misc_feat_enclosed
D:2:      layout_basic, basic_altar
D:3:      layout_loops_corners, minmay_puff, uniq_robin, uniq_ijyb,
          uniq_grinder, uniq_sigmund, uniq_jessica
D:4:      layout_basic, corexii_item_surrounded_by_moat, grunt_ministairs_13,
          nicolae_underground_beach
D:5:      minmay_diamond_boxcup, layout_basic, pdpol_wu_jian_five_deadly_venoms,
          nicolae_gozag_seed_capital, minmay_temple_entry_purple_smoke,
          uniq_menkaure

Skill      XL: |  1  2  3  4 |
---------------+-------------+-----
Fighting       | 1 2 3 5 |  5.9
Dodging        | |  1.7
Stealth        | |  1.7
Spellcasting   | |  2.0
Transmutations | |  0.8
Poison Magic   | |  3.0

Action                   |  1- 3 |  4- 6 || total
-------------------------+-------+-------++-------
Melee: Spear             |    43 |     6 ||    49
       Trident           |       |    15 ||    15
Throw: Dart              |    38 |       ||    38
 Cast: Sting             |    78 |    15 ||    93
  Use: Potion            |       |     1 ||     1
 Stab: Sleeping          |     2 |       ||     2
Armor: Robe              |    27 |     2 ||    29
       Animal skin       |       |    28 ||    28
Dodge: Dodged            |    48 |    33 ||    81
